 Dungeon Crawl Stone Soup version 0.32-a0-42-ga30500b (webtiles) character file.

Game seed: 16948575788548484261

150 danspanner the Conjurer (level 5, -12/31 HPs)
             Began as an Octopode Conjurer on Jan 29, 2024.
             Was an Initiate of Sif Muna.
             Mangled by Edmund
             ... wielding a +4 flail of protection
              (13 damage)
             ... on level 4 of the Dungeon.
             The game lasted 00:10:32 (2994 turns).

danspanner the Conjurer (Octopode Conjurer)         Turns: 2994, Time: 00:10:33

Health: -12/31     AC:  1    Str:  7    XL:     5   Next: 32%
Magic:  0/9        EV: 13    Int: 22    God:    Sif Muna [......]
Gold:   223        SH:  0    Dex: 10    Spells: 2/9 levels left

rFire   . . .        b - +0 dagger
rCold   . . .        (no shield)
rNeg    . . .        (helmet restricted)
rPois   .            (no amulet)
rElec   .            (no ring)
rCorr   .            (no ring)
SInv    .            (no ring)
Will    .....        (no ring)
Stlth   +++          (no ring)
HPRegen 0.25/turn    (no ring)
MPRegen 0.11/turn    (no ring)
                     (no ring)

%: no passive effects
@: no status effects
A: almost no armour, amphibious, 8 rings, camouflage 1, gelatinous body 1,
(nimble swimmer 1), tentacles
a: Renounce Religion


You were on level 4 of the Dungeon.
You worshipped Sif Muna.
Sif Muna was noncommittal.
You visited 2 branches of the dungeon, and saw 5 of its levels.

You collected 223 gold pieces.

Inventory:

Hand Weapons
 b - a +0 dagger (weapon)
 i - the +3 sling "Yluehop" {heavy, +Blink Str+3 SInv}
   (You found it on level 3 of the Dungeon)

   Str+3:     It affects your strength (+3).
   SInv:      It lets you see invisible.
   +Blink:    It lets you blink.
Jewellery
 g - a ring of resist corrosion
Scrolls
 d - 2 scrolls of poison
 e - 2 scrolls of blinking
 j - a scroll of torment {unknown}
 k - a scroll of silence {unknown}
Potions
 a - 2 potions of magic
 c - a potion of cancellation {unknown}
 f - 2 potions of attraction {unknown}
 h - a potion of heal wounds {unknown}


   Skills:
 + Level 3.0 Dodging
 + Level 4.3 Stealth
 + Level 2.9 Spellcasting
 + Level 4.7 Conjurations
 + Level 1.1 Alchemy


You had 2 spell levels left.
You knew the following spells:

 Your Spells              Type           Power      Damage    Failure   Level
a - Magic Dart            Conj           92%        1d7       1%          1
b - Searing Ray           Conj           46%        2d6       2%          2
c - Fulminant Prism       Conj/Alch      7%         3d7       36%         4

Your spell library contained the following spells:

 Spells                   Type           Power      Damage    Failure   Level
 Ensorcelled Hibernation  Hex/Ice        6%         N/A       19%         2
 Passwall                 Erth           3%         N/A       36%         3
 Swiftness                Air            3%         N/A       36%         3
 Brom's Barrelling Bould  Conj/Erth      13%        2d4       43%         4
 Iskenderun's Mystic Bla  Conj/Tloc      13%        2d5       43%         4
 Iskenderun's Battlesphe  Conj           23%        2d8       45%         5
 Fireball                 Conj/Fire      6%         3d5       80%         5
 Conjure Ball Lightning   Conj/Air       6%         3x3d6     100%        6
 Orb of Destruction       Conj           11%        9d6       100%        7


Dungeon Overview and Level Annotations

Branches:
Dungeon (4/15)             Temple (1/1) D:4

Altars:
Dithmenos
Fedhas
Hepliaklqana
Kikubaaqudgha
Makhleb
Okawaru
Ru
Sif Muna
Trog
Uskayaw
Wu Jian

Annotations:
D:4 Edmund


Innate Abilities, Weirdness & Mutations

You cannot wear most types of armour.
You are amphibious.
You can wear up to eight rings at the same time.
Your skin changes colour to match your surroundings (Stealth+).
Your rubbery body absorbs attacks. (AC +1, EV +1)
((You are camouflaged when in or above water. (Stealth+)))
You have tentacles for arms and can constrict up to eight enemies at once.


Message History

Unknown command.
Casting: Magic Dart (safe; 1% risk of failure)
Confirm with . or Enter, or press ? or * to list all spells.
Aiming: Searing Ray (safe; 2% risk of failure)
Press: ? - help, Shift-Dir - straight line, f - Edmund
Aim: Edmund, wielding a +4 flail of protection and wearing a +0 scale mail (81% to hit)
The searing ray hits Edmund.
Edmund is lightly wounded. (Press . to maintain the ray.) Edmund barely misses you.
The searing ray hits Edmund!
Edmund is lightly wounded.
Edmund misses you.
The searing ray hits Edmund but does no damage.
Edmund is lightly wounded.
Edmund hits you with a +4 flail of protection!
The searing ray hits Edmund but does no damage.
Edmund is lightly wounded.
You finish channelling your searing ray.
Edmund hits you with a +4 flail of protection!
Ouch! That really hurt!
* * * LOW HITPOINT WARNING * * *
Casting: Searing Ray (safe; 2% risk of failure)
Confirm with . or Enter, or press ? or * to list all spells.
Aiming: Searing Ray (safe; 2% risk of failure)
Press: ? - help, Shift-Dir - straight line, f/p - Edmund
Aim: Edmund, wielding a +4 flail of protection and wearing a +0 scale mail (lightly wounded, 81% to hit)
The searing ray hits Edmund.
Edmund is moderately wounded. (Press . to maintain the ray.) Edmund closely misses you.
The searing ray hits Edmund!
Edmund is heavily wounded.
Edmund hits you with a +4 flail of protection!
* * * LOW HITPOINT WARNING * * *
The searing ray hits Edmund.
Edmund is severely wounded.
Edmund hits you with a +4 flail of protection!
You die...
Edmund whines, "They better pay attention to me now!"

#... #.......
#...######.)...# ##
#..... ........#...
###)...####......#..
............$# #...
.............###'###
.............#.....#
###....####..#.###.#
#..........'.#@#.+
#...######.#.#@#.#
###...# #.#.....#
#.....# #.###'###
#.#...# ### ..#
._..#.#### .###
#.#<.....#####.
#...........####
#..............#


You could see Edmund.

Vanquished Creatures
  Terence (D:2)
  An iguana (D:4)
  5 adders
  A dart slug (D:3)
  A ribbon worm (D:2)
  3 orcs
  4 endoplasms
  5 giant cockroaches (D:1)
  8 goblins
  4 hobgoblins
  A quokka (D:4)
  5 ball pythons
  2 frilled lizards (D:1)
  6 kobolds
47 creatures vanquished.

Notes
Turn   | Place    | Note
-------+----------+-------------------------------------------
     0 | D:1      | danspanner the Octopode Conjurer began the quest for the
                  | Orb.
     0 | D:1      | Reached XP level 1. HP: 11/11 MP: 3/3
    83 | D:1      | Reached XP level 2. HP: 15/17 MP: 3/5
   640 | D:1      | Learned a level 2 spell: Searing Ray
   771 | D:2      | Reached XP level 3. HP: 15/21 MP: 6/6
   967 | D:2      | Noticed Terence
   979 | D:2      | Killed Terence
   980 | D:2      | Reached XP level 4. HP: 20/27 MP: 1/7
  1754 | D:3      | Identified the +3 sling "Yluehop" {heavy, +Blink Str+3
                  | SInv}
  1774 | D:3      | Noticed a +0 dagger
  1774 | D:3      | Noticed a +0 dagger
  1780 | D:3      | Found a hide-covered altar of Uskayaw.
  1830 | D:3      | Learned a level 4 spell: Fulminant Prism
  1834 | D:3      | Found a faded altar of an unknown god.
  1925 | D:3      | Found an ancient bone altar of Kikubaaqudgha.
  2547 | D:4      | Reached XP level 5. HP: 31/31 MP: 9/9
  2553 | D:4      | Reached skill level 1 in Alchemy
  2604 | D:4      | Noticed Edmund
  2608 | D:4      | Found an ornate altar of the Wu Jian Council.
  2919 | D:4      | Found a staircase to the Ecumenical Temple.
  2927 | Temple   | Entered the Ecumenical Temple
  2958 | Temple   | Became a worshipper of Sif Muna the Loreminder
  2993 | D:4      | HP: 1/31 [Edmund/+4 flail of protection (8)]
  2994 | D:4      | Mangled by Edmund

Illustrated notes

Levels and vault maps discovered:
D:1:      amcnicky_arrival_gap_in_the_tavern_cellar, layout_loops_ring,
          minmay_worlds_worst_comb
D:2:      layout_loops_ring, minivault_5, minivault_23, uniq_terence
D:3:      layout_basic, overflow_temple_1_default, dancing_weapons_uskayaw,
          hellmonk_ecumenical_altar_heavens_door
D:4:      corexii_shack_village, layout_loops_cross, lemuel_crystal_altar,
          ashenzari_conservatory_becter, minmay_temple_entry_glassed_door,
          uniq_edmund
Temple:   hellmonk_temple_forest_ring

Skill      XL: |  1  2  3  4  5 |
---------------+----------------+-----
Stealth        | 3 4 |  4.3
Dodging        | 3 |  3.0
Alchemy        | 1 |  1.1
Spellcasting   | |  2.9
Conjurations   | |  4.7

Action                     |  1- 3 |  4- 6 || total
---------------------------+-------+-------++-------
  Melee: Dagger            |    46 |    28 ||    74
         Unarmed           |     6 |       ||     6
         Tentacles         |    10 |     5 ||    15
         Constrict         |    10 |     4 ||    14
         Punch             |     2 |       ||     2
   Cast: Magic Dart        |     8 |     5 ||    13
         Searing Ray       |     2 |    11 ||    13
    Use: Scroll            |       |     2 ||     2
   Stab: Sleeping          |     8 |     7 ||    15
 Armour: Skin              |    14 |    17 ||    31
  Dodge: Dodged            |    33 |    23 ||    56

Table legend: (Time is in decaauts)
 A = Elapsed time spent in this place.
 B = Non-inter-level travel time spent in this place.
 C = Inter-level travel time spent in this place.
 D = Time resting spent in this place.
 E = Time spent auto-exploring this place.
 F = Levels seen in this place.
 G = Mean time per level.
                   A        B        C        D        E       F      G
               +--------+--------+--------+--------+--------+-----+--------+
         Total |   2994 |   2821 |    173 |     81 |   2256 |   5 |  598.8 |
       Dungeon |   2934 |   2761 |    173 |     81 |   2253 |   4 |  733.5 |
        Temple |     59 |     59 |      0 |      0 |      3 |   1 |   59.0 |
               +--------+--------+--------+--------+--------+-----+--------+

Top non-repeatable levels by time:
     D:3: 976 daAuts
     D:2: 975 daAuts
     D:1: 676 daAuts
     D:4: 305 daAuts
  Temple: 59 daAuts
